 Seeded DCSS version 0.27.1-33-g824d729ab1 (webtiles) character file.

Game seed: 1001837481477946641 (custom seed)

15 croobank the Scratcher (level 2, -1/12 HPs)
             Began as a Felid Transmuter on Dec 31, 2021.
             Frozen to death by an endoplasm (4 damage)
             ... on level 2 of the Dungeon.
             The game lasted 00:02:03 (244 turns).

croobank the Scratcher (Felid Transmuter)            Turns: 244, Time: 00:02:04

Health: -1/12      AC:  1    Str:  6    XL:     2   Next: 34%
Magic:  6/6        EV: 17    Int: 14    God:
Gold:   12         SH:  0    Dex: 16    Spells: 4/5 levels left
                                        Lives:  0   Deaths: 0

rFire    . . .     SeeInvis +     - Unarmed
rCold    . . .     Faith    .   (shield unavailable)
rNeg     . . .     Spirit   .   (armour unavailable)
rPois    .         Reflect  .   (helmet unavailable)
rElec    .         Harm     .   (cloak unavailable)
rCorr    .         Rampage  .   (gloves unavailable)
Will     .....                  (boots unavailable)
Stlth    +.........             (no amulet)
HPRegen  0.04/turn              (no ring)
MPRegen  0.10/turn              (no ring)

@: quick
A: very small, claws 1, fangs 3, see invisible, speed 1, shaggy fur 1, stealthy
paws, no weapons or thrown items, no armour, multi-lived
a: no special abilities


You were on level 2 of the Dungeon.
You visited 1 branch of the dungeon, and saw 2 of its levels.

You collected 12 gold pieces.

Inventory:

Scrolls
 a - 2 scrolls of amnesia {unknown}
 b - a scroll of torment {unknown}
 c - a scroll of acquirement {unknown}


   Skills:
 + Level 1.0 Fighting
 + Level 3.0 Dodging
 + Level 3.4 Unarmed Combat
 + Level 2.1 Spellcasting
 + Level 2.3 Transmutations


You had 4 spell levels left.
You knew the following spells:

 Your Spells              Type           Power      Damage    Failure   Level
a - Beastly Appendage     Tmut           16%        N/A       9%          1

Your spell library contained the following spells:

 Spells                   Type           Power      Damage    Failure   Level
 Wereblood                Tmut           8%         N/A       14%         2
 Spider Form              Tmut/Pois      2%         N/A       41%         3
 Ice Form                 Ice/Tmut       4%         N/A       82%         4


Dungeon Overview and Level Annotations

Branches:
Dungeon (2/15)

Altars:
Uskayaw


Innate Abilities, Weirdness & Mutations

You have sharp claws.
You have razor-sharp teeth.
You have supernaturally acute eyesight. (SInv)
You cover ground quickly. (Speed+)
You are covered in fur. (AC +1)
Your paws help you pounce on unaware monsters.
You are incapable of wielding weapons or throwing items.
You cannot wear armour.
You gain extra lives every three experience levels.


Message History

You scratch the jackal but do no damage.
The jackal closely misses you.
You barely miss the jackal. The jackal barely misses you. The jackal bites you.
You scratch the jackal.
You kill the jackal!
You scratch the jackal.
The jackal is heavily wounded.
The jackal bites you.
The jackal bites you but does no damage.
You scratch the jackal but do no damage.
The jackal is heavily wounded.
The jackal barely misses you.
You closely miss the jackal.
The jackal is heavily wounded.
The jackal bites you.
* * * LOW HITPOINT WARNING * * *
You aren't carrying any potions.
Unknown command.
The jackal barely misses you. The jackal misses you. The jackal bites you.
* * * LOW HITPOINT WARNING * * *
The jackal closely misses you.
There is an escape hatch in the floor here.
The jackal closely misses you.
You slide downwards.
The hatch slams shut behind you.
Found a war axe and a hand axe.
Found a hide-covered altar of Uskayaw.
You scratch the jackal.
You kill the jackal!
The endoplasm quivers.
A bat and a goblin come into view.
The goblin shouts!
The bat completely misses you.
You scratch the bat.
You kill the bat!
Your Dodging skill increases to level 3!
You completely miss the endoplasm. The endoplasm freezes you.
You are frozen.
You die...

.. . # . .# .#
.###.#..#
####.......# .#
#..........#
...####+#........#
..........†####..#
.......J..g......
..._...@..#......
........†........
........#.....#.#
.#.#)...........#
# #.##.#.#)#.###
.. .......... ##
###.######


You could see an endoplasm and a goblin.

Vanquished Creatures
  2 bats
  An endoplasm (D:1)
  2 goblins (D:1)
  4 jackals
  A ball python (D:1)
  2 frilled lizards (D:1)
  2 kobolds (D:1)
14 creatures vanquished.

Notes
Turn   | Place    | Note
-------+----------+-------------------------------------------
     0 | D:1      | croobank the Felid Transmuter began the quest for the Orb.
     0 | D:1      | Reached XP level 1. HP: 9/9 MP: 4/4
    35 | D:1      | Found a faded altar of an unknown god.
   207 | D:1      | Reached XP level 2. HP: 10/12 MP: 6/6
   238 | D:2      | Found a hide-covered altar of Uskayaw.
   244 | D:2      | Frozen to death by an endoplasm

Illustrated notes

Levels and vault maps discovered:
D:1:      wander_arrival_fairy_ring, layout_rooms,
          ebering_ecumenical_altar_abandoned
D:2:      layout_basic, basic_altar, minmay_misc_feat_columns

Skill      XL: |  1  2 |
---------------+-------+-----
Dodging        | 3 |  3.0
Fighting       | |  1.0
Unarmed Combat | |  3.4
Spellcasting   | |  2.1
Transmutations | |  2.3

Action                   || total
-------------------------++-------
Melee: Unarmed           ||    46
       Bite              ||     2
Armor: Skin              ||     7
Dodge: Dodged            ||    46
